AoeStats
← builder

Arabia

504189278Analyzed
1v1 RM · 29d ago on Sep 4, 2026· 43m 8s· 2 players
Game mode
Random Map
Map size
Tiny (2 player)
Population
200
Speed
Normal
Resources
Standard
Victory
Conquest
Starting age
Dark Age
Ending age
Imperial Age
RankedLock teamsTeams togetherTeam positionsShared explorationLock speedFull tech treeHidden civsTurbo modeCheats
Victory
Defeat
🇨🇳 Spanish · China
822
+16
🇮🇹 Bulgarians · Italy
829
-16
builder
8:24 Loom
11:00 Feudal Age
12:27 Double-Bit Axe
15:18 Castle Age
13:04 Horse Collar
16:17 Wheelbarrow
24:51 Fletching
25:43 Bodkin Arrow
27:19 Murder Holes
33:45 Imperial Age
32:52 Guard Tower
33:52 Hand Cart
34:08 Sappers
35:51 Supremacy
41:57 Guard Tower
41:54 Arrowslits
MorixMagno
5:25 Loom
10:38 Feudal Age
17:58 Stone Mining
23:48 Castle Age
22:43 Double-Bit Axe
25:22 Gambesons
26:09 Elite Skirmisher
27:47 Gold Mining
29:20 Horse Collar
30:18 Gold Shaft Mining
29:57 Bow Saw
37:56 Forging
37:46 Scale Mail Armor
41:23 Imperial Age
38:52 Murder Holes
Connection lost

Rejoining the realm…

Still unreachable

The connection could not be restored.

Session expired

The server has moved on; the page needs a fresh start.